 Dungeon Crawl Stone Soup version 0.29.1-15-g9cfb28693d (webtiles) character file.

Game seed: 5762766888033157163

4209 BabyfaceFinlayson the Ogre Mage (level 10, -3/87 HPs)
             Began as an Ogre Fire Elementalist on Apr 15, 2023.
             Was a Believer of Sif Muna.
             Killed from afar by an acid dragon (24 damage)
             ... with a splash of acid
             ... on level 9 of the Dungeon.
             The game lasted 00:40:48 (9154 turns).

BabyfaceFinlayson the Ogre Mage (OgFE)              Turns: 9154, Time: 00:40:48

Health: -3/87      AC:  3    Str: 16    XL:     10   Next: 29%
Magic:  21/24      EV: 10    Int: 24    God:    Sif Muna [**....]
Gold:   596        SH:  0    Dex:  9    Spells: 11/29 levels left

rFire   + + .      SeeInvis .   o - staff of fire
rCold   x . .      Faith    .   (no shield)
rNeg    . . .      Spirit   .   i - +0 robe
rPois   .          Reflect  .   (helmet restricted)
rElec   .          Harm     .   (no cloak)
rCorr   .          Rampage  .   (gloves unavailable)
Will    +....                   (boots unavailable)
Stlth   ++........              h - amulet of magic regeneration
HPRegen 0.24/turn               v - +6 ring of intelligence
MPRegen 0.59/turn               q - ring of fire

@: slowed, very slow
A: large, unfitting armour, tough skin 1
a: Renounce Religion, Channel Magic


You were on level 9 of the Dungeon.
You worshipped Sif Muna.
Sif Muna was pleased with you.
You visited 2 branches of the dungeon, and saw 10 of its levels.

You collected 596 gold pieces.

Inventory:

Hand Weapons
 k - a +8 club
 r - the +7 falchion "Agouseqa" {freeze, rPois Str+6 Int+4}
   (You found it on level 4 of the Dungeon)

   It freezes those it strikes, dealing additional cold damage.
   It can also slow down cold-blooded creatures.
   Str:       It affects your strength (+6).
   Int:       It affects your intelligence (+4).
   rPois:     It protects you from poison.
Armour
 i - a +0 robe (worn)
Magical Staves
 o - a staff of fire (weapon)
Jewellery
 e - a +6 ring of strength
 h - an amulet of magic regeneration (around neck)
 m - a ring of protection from cold
 p - a +4 ring of evasion
 q - a ring of fire (right hand)
 v - a +6 ring of intelligence (left hand)
 y - a ring of willpower
 B - a ring of flight
Wands
 j - a wand of flame (19)
 s - a wand of roots (20)
 t - a wand of charming (16)
 w - a wand of mindburst (6)
Scrolls
 d - 8 scrolls of teleportation
 g - a scroll of blinking
 l - 2 scrolls of identify
 n - a scroll of brand weapon {unknown}
Potions
 a - 2 potions of heal wounds {unknown}
 b - 2 potions of magic
 c - 3 potions of brilliance
 f - 3 potions of lignification
 u - 2 potions of flight
 x - 2 potions of curing
 z - a potion of haste
 A - a potion of cancellation
 C - a potion of resistance
 D - a potion of attraction {unknown}
 E - a potion of invisibility {unknown}
 F - a potion of degeneration {unknown}


   Skills:
 + Level 2.3 Fighting
 + Level 0.8 Long Blades
 + Level 3.4 Dodging
 + Level 2.7 Stealth
 + Level 10.3 Spellcasting
 + Level 2.4 Conjurations
 + Level 3.4 Hexes
 + Level 1.0 Translocations
 + Level 8.6 Fire Magic
 + Level 0.1 Ice Magic


You had 11 spell levels left.
You knew the following spells:

 Your Spells              Type           Power      Damage    Failure   Level
a - Foxfire               Conj/Fire      100%       2x1d9     1%          1
b - Scorch                Fire           100%       2d10      1%          2
c - Inner Flame           Hex/Fire       75%        N/A       1%          3
d - Flame Wave            Conj/Fire      73%        2d16      5%          4
e - Iskenderun's Mystic   Conj/Tloc      20%        2d6       24%         4
f - Hailstorm             Conj/Ice       18%        3d6       30%         4

Your spell library contained the following spells:

 Spells                   Type           Power      Damage    Failure   Level
 Conjure Flame            Conj/Fire      73%        6-21      1%          3
 Ensorcelled Hibernation  Hex/Ice        40%        N/A       3%          2
 Freeze                   Ice            52%        1d7       4%          1
 Static Discharge         Conj/Air       18%        3-6/arc   4%          2
 Passwall                 Tmut/Erth      10%        N/A       8%          2
 Cause Fear               Hex            14%        N/A       12%         4
 Frozen Ramparts          Ice            26%        1d4       14%         3
 Swiftness                Air            12%        N/A       16%         3
 Iron Shot                Conj/Erth      9%         9d3       99%         6
 Dragon Form              Tmut           6%         N/A       100%        7
 Lehudib's Crystal Spear  Conj/Erth      9%         10d4      100%        8
 Dragon's Call            Summ           6%         N/A       100%        9


Dungeon Overview and Level Annotations

Branches:
Dungeon (9/15)             Temple (1/1) D:4            Lair (0/5) D:8
    Orc: D:9-12

Altars:
Ashenzari
Cheibriados
Elyvilon
Fedhas
Hepliaklqana
Makhleb
Okawaru
Qazlal
Sif Muna
Trog
Vehumet
Wu Jian
Yredelemnul
Zin

Shops:
D:8 (

Annotations:
D:8 3 transporters


Innate Abilities, Weirdness & Mutations

You are too large for most types of armour.
You have tough skin. (AC +1)


Message History

You feel sick.
You now have 596 gold pieces (gained 14).
You feel sick.
Casting: Foxfire (safe; 1% risk of failure)
Confirm with . or Enter, or press ? or * to list all spells.
Aiming: Inner Flame (safe; 1% risk of failure)
Press: ? - help, Dir - move target, f - acid dragon
Aim: an acid dragon (chance to affect: 98%)
You feel a strong surge of power!
The acid dragon is filled with an inner flame.
You feel sick.
Casting: Inner Flame (safe; 1% risk of failure)
Confirm with . or Enter, or press ? or * to list all spells.
You feel a strong surge of power!
You conjure some foxfire!
You feel sick.
You are no longer poisoned.
The foxfire hits the acid dragon.
Flame seeps out of the acid dragon.
The acid dragon is lightly wounded.
The foxfire hits the kobold brigand.
The kobold brigand is moderately wounded.
The acid dragon spits acid at you. The splash of acid misses you.
You hear a bellow!
The kobold brigand attacks as you move away!
The kobold brigand hits you with a +1 short sword of speed.
Casting: Foxfire (safe; 1% risk of failure)
Confirm with . or Enter, or press ? or * to list all spells.
You erupt in a blast of force!
The mystic blast hits the acid dragon!
Flame seeps out of the acid dragon.
The acid dragon is moderately wounded.
The mystic blast hits the kobold brigand.
The kobold brigand is heavily wounded.
You are no longer corroded.
The acid dragon is engulfed in blazing flames.
Flame seeps out of the acid dragon.
The kobold brigand hits you with a +1 short sword of speed!
* * * LOW HITPOINT WARNING * * *
The kobold brigand closely misses you. The acid dragon spits acid at you.
The splash of acid hits you!!
You die...

#########........ #.####### #.#
#.# .# #.# .# #########.# .#
..........###############.#####
.................D○............
########........@K.............
#..#############..###### #..#
#..# #
######..#############..##### .
......................)..)).. .
........................$)... #
######..################..K§§
#..# .#.#. #..# .#..§


You could see an acid dragon (inner flame, catching breath) and a kobold
brigand.

Vanquished Creatures
  A komodo dragon (D:6)
  Sigmund (D:6)
  4 wyverns
  Grum (D:9)
  2 ice beasts
  A black bear (D:8)
  3 water moccasins
  2 ogres
  A sky beast (D:7)
  3 centaurs
  2 wolves (D:9)
  2 phantoms
  2 kobold brigands
  2 necrophages (D:6)
  3 scorpions
  6 electric eels (D:6)
  2 howler monkeys (D:7)
  4 hounds
  5 jellies
  A gnoll bouda (D:6)
  2 orc priests
  Jessica (D:2)
  4 iguanas
  4 orc wizards
  9 gnolls
  10 adders
  A shadow imp (D:4)
  3 white imps
  An ufetubus (D:5)
  2 worms
  2 dart slugs
  30 orcs
  9 endoplasms
  4 giant cockroaches
  6 goblins
  6 hobgoblins
  7 jackals
  3 quokkas
  2 ball pythons
  3 bats
  5 frilled lizards
  12 kobolds
  9 rats
183 creatures vanquished.

Vanquished Creatures (others)
  219 foxfires
  5 plants (D:6)
224 creatures vanquished.

Grand Total: 407 creatures vanquished

Notes
Turn   | Place    | Note
-------+----------+-------------------------------------------
     0 | D:1      | BabyfaceFinlayson the Ogre Fire Elementalist began the
                  | quest for the Orb.
     0 | D:1      | Reached XP level 1. HP: 16/16 MP: 3/3
   159 | D:1      | Reached XP level 2. HP: 24/24 MP: 3/5
   600 | D:1      | Reached XP level 3. HP: 22/31 MP: 0/7
   654 | D:1      | Reached skill level 3 in Spellcasting
   695 | D:1      | Learned a level 2 spell: Scorch
   699 | D:1      | Learned a level 3 spell: Inner Flame
   757 | D:1      | Reached skill level 1 in Conjurations
  1202 | D:2      | Noticed Jessica
  1207 | D:2      | Killed Jessica
  1208 | D:2      | Reached XP level 4. HP: 25/39 MP: 5/9
  1413 | D:2      | Found a faded altar of an unknown god.
  1771 | D:2      | Reached skill level 4 in Spellcasting
  1771 | D:2      | Reached XP level 5. HP: 39/45 MP: 9/11
  1933 | D:2      | Learned a level 4 spell: Flame Wave
  2449 | D:3      | Identified the +6 short sword of Suicidal Tendencies
                  | {venom, Str+6}
  2676 | D:4      | Noticed a phantom
  2681 | D:4      | Killed a phantom
  2682 | D:4      | Reached XP level 6. HP: 53/53 MP: 3/12
  2756 | D:4      | Reached skill level 5 in Fire Magic
  2874 | D:4      | Reached skill level 5 in Spellcasting
  2886 | D:4      | Reached XP level 7. HP: 18/59 MP: 8/14
  3163 | D:4      | Found a radiant altar of Vehumet.
  3163 | D:4      | Found a blossoming altar of Fedhas.
  3235 | D:4      | Found a bloodstained altar of Trog.
  3261 | D:4      | Identified the +7 falchion "Agouseqa" {freeze, rPois Str+6
                  | Int+4}
  3417 | D:4      | Reached skill level 1 in Fighting
  3487 | D:4      | Got the Incunabulum of Iron Blasting
  3779 | D:4      | Found a staircase to the Ecumenical Temple.
  3788 | Temple   | Entered the Ecumenical Temple
  3797 | Temple   | Became a worshipper of Sif Muna the Loreminder
  4004 | D:5      | Entered Level 5 of the Dungeon
  4071 | D:5      | Learned a level 4 spell: Iskenderun's Mystic Blast
  4075 | D:5      | Reached skill level 6 in Spellcasting
  4410 | D:5      | Reached skill level 1 in Hexes
  4410 | D:5      | Reached XP level 8. HP: 70/70 MP: 10/17
  4549 | D:5      | Found a basalt altar of Yredelemnul.
  4779 | D:6      | Reached skill level 7 in Spellcasting
  5089 | D:6      | Found a stormy altar of Qazlal.
  5204 | D:6      | Noticed Sigmund
  5208 | D:6      | Killed Sigmund
  5357 | D:6      | Reached XP level 9. HP: 78/79 MP: 16/20
  5589 | D:6      | Reached skill level 8 in Spellcasting
  5615 | D:6      | Noticed a komodo dragon
  5622 | D:6      | Killed a komodo dragon
  6466 | D:6      | Reached * piety under Sif Muna
  6790 | D:6      | Identified a scroll of acquirement
  6791 | D:6      | Acquired a staff of fire
  6836 | D:7      | Reached skill level 9 in Spellcasting
  6981 | D:7      | Identified the +4 battleaxe "Earthworm" {elec, Contam rElec
                  | rN+++ rCorr}
  7431 | D:7      | Found a hazy altar of Hepliaklqana.
  7566 | D:8      | Learned a level 4 spell: Hailstorm
  7691 | D:8      | Reached XP level 10. HP: 55/87 MP: 13/23
  7838 | D:8      | Found a transporter.
  7852 | D:8      | Found a transporter.
  7858 | D:8      | Found a transporter.
  8255 | D:8      | Found a staircase to the Lair.
  8267 | D:8      | Reached skill level 10 in Spellcasting
  8299 | D:8      | Found Jycoha's Weapon Shop.
  8523 | D:8      | Found a transporter.
  8991 | D:9      | Noticed Grum
  9005 | D:9      | Killed Grum
  9048 | D:9      | Reached ** piety under Sif Muna
  9049 | D:9      | Reached skill level 1 in Translocations
  9154 | D:9      | Killed from afar by an acid dragon

Illustrated notes

Levels and vault maps discovered:
D:1:      evilmike_arrival_crescent, layout_basic, supply_closet_lemuel,
          minmay_quantized
D:2:      layout_loops_cross, hellmonk_ecumenical_altar_dog_temple, uniq_jessica
D:3:      layout_basic
D:4:      layout_loops_ring, amethyst_overflow_temple_binary, kennysheep_mini,
          temple_hall
D:5:      layout_gridville, mainiacjoe_overflow_boulevard
D:6:      cheibrodos_two_vegetables, layout_basic, lemuel_tele_altar,
          uniq_sigmund
D:7:      layout_rooms, mainiacjoe_overflow_alcove_4
D:8:      layout_gridville, lair_entry_dummy, serial_shops, shop,
          columned_hall_lemuel, nicolae_transporter_intersection
D:9:      layout_long_grid, serial_shops, nicolae_shop_bloodbath_and_beyond,
          minivault_15, kennysheep_generic_room_5, uniq_grum,
          uniq_prince_ribbit1
Temple:   nicolae_temple_ecumenical_triangle

Skill      XL: |  1  2  3  4  5  6  7  8  9 10 |
---------------+-------------------------------+-----
Fire Magic     | 3 4 5 7 8 |  8.6
Dodging        | 2 3 |  3.4
Spellcasting   | 3 4 5 6 7 9 10 | 10.3
Conjurations   | 1 2 |  2.4
Fighting       | 1 2 |  2.3
Hexes          | 1 2 3 |  3.4
Stealth        | 2 |  2.7
Translocations | 1 |  1.0
Long Blades    | |  0.8
Ice Magic      | |  0.1

Action                   |  1- 3 |  4- 6 |  7- 9 | 10-12 || total
-------------------------+-------+-------+-------+-------++-------
Melee: Club              |       |     4 |       |       ||     4
       Falchion          |       |       |     6 |       ||     6
       Staff             |       |       |       |     2 ||     2
 Cast: Foxfire           |    38 |    29 |    50 |    11 ||   128
       Scorch            |     6 |    46 |    59 |    18 ||   129
       Inner Flame       |       |     7 |    36 |     9 ||    52
       Iskenderun's Myst |       |       |     2 |     5 ||     7
       Flame Wave        |       |       |     2 |       ||     2
       Hailstorm         |       |       |     1 |       ||     1
  Use: Potion            |       |     3 |     1 |       ||     4
       Scroll            |       |       |    18 |       ||    18
Armor: Robe              |     6 |    14 |     2 |     1 ||    23
Dodge: Dodged            |    18 |    25 |    16 |    12 ||    71
